 Dungeon Crawl Stone Soup version 0.28-a0-1206-g193881aaa2 (webtiles) character file.

Game seed: 10746704628352766957

33 lessens the Sneak (level 3, -2/29 HPs)
             Began as a Demigod Brigand on Dec 20, 2021.
             Slain by an orc (5 damage)
             ... on level 2 of the Dungeon.
             The game lasted 00:01:44 (1436 turns).

lessens the Sneak (Demigod Brigand)                 Turns: 1436, Time: 00:01:44

Health: -2/29      AC:  6    Str: 16    XL:     3   Next: 0%
Magic:  14/14      EV: 10    Int: 13    God:
Gold:   20         SH:  0    Dex: 15    Spells: 2/2 levels left

rFire   . . .      SeeInvis .   a - +2 dagger
rCold   . . .      Faith    .   (no shield)
rNeg    . . .      Spirit   .   g - +0 ring mail
rPois   .          Reflect  .   (no helmet)
rElec   .          Harm     .   c - +0 cloak
rCorr   .          Rampage  .   (no gloves)
Will    .....                   (no boots)
Stlth   ++........              (no amulet)
HPRegen 0.09/turn               m - ring of magical power
MPRegen 0.14/turn               (no ring)

@: no status effects
A: high mp 1, forlorn, divine attributes
a: no special abilities


You were on level 2 of the Dungeon.
You visited 1 branch of the dungeon, and saw 2 of its levels.

You collected 20 gold pieces.

Inventory:

Hand Weapons
 a - a +2 dagger (weapon)
Missiles
 d - 3 poisoned darts (quivered)
 e - 2 curare-tipped darts
 h - 21 stones
Armour
 b - a +0 robe
 c - a +0 cloak (worn)
 g - a +0 ring mail (worn)
Jewellery
 m - a ring of magical power (left hand)
Scrolls
 i - a scroll of enchant armour {unknown}
 l - a scroll of identify {unknown}
 n - a scroll of amnesia {unknown}


   Skills:
 - Level 1.7 Fighting
 - Level 1.7(2.4) Short Blades
 + Level 2.5(2.9) Long Blades
 - Level 1.7 Throwing
 - Level 0.8 Dodging
 - Level 3.6 Stealth


You had 2 spell levels left.
You didn't know any spells.
Your spell library was empty.

Dungeon Overview and Level Annotations

Branches:
Dungeon (2/15)

Shops:
D:1 [(


Innate Abilities, Weirdness & Mutations

You have an increased reservoir of magic. (+10% MP)
You shall have no god before yourself.
Your divine heritage dramatically boosts your attributes as you level up.


Message History

Press: ? - help, Q - select action, (/) - cycle Shift-Dir - straight line, f/p - orc
Aim: an orc, wielding a +0 trident (57% to hit)
You throw a poisoned dart.
The orc hits you from afar with a +0 trident.
Something hits you.
Throw: 4 darts (poison)
Press: ? - help, Q - select action, (/) - cycle Shift-Dir - straight line, f/p - orc
Aim: an orc, wielding a +0 trident (57% to hit)
You throw a poisoned dart. The poisoned dart hits the orc.
Something hits you but does no damage.
The orc hits you from afar with a +0 trident!
* * * LOW HITPOINT WARNING * * *
You hear some strange, mumbled words.
A magic dart appears from out of thin air!
The magic dart hits you.
* * * LOW HITPOINT WARNING * * *
It was a potion of curing.
You feel better. The orc hits you but does no damage. Something hits you.
* * * LOW HITPOINT WARNING * * *
It was a potion of might.
You feel very mighty all of a sudden. The orc closely misses you.
Something hits you but does no damage.
It was a potion of cancellation.
Your magical effects are unravelling.
You feel magically purged.
You feel a little less mighty now.
You hear some strange, mumbled words.
A magic dart appears from out of thin air!
The magic dart hits you.
* * * LOW HITPOINT WARNING * * *
The orc misses you.
You feel better. Something hits you but does no damage.
The orc hits you from afar with a +0 trident.
You hear some strange, mumbled words.
A puff of flame appears from out of thin air!
The puff of flame hits you!
* * * LOW HITPOINT WARNING * * *
You closely miss something.
The orc hits you from afar with a +0 trident.
You die...

#..######.................#
#.................#..####.#
.#.######.........#.......#
.......##.................#
.#.##.............#...##..#
...##......###.####.......#
#..##..........# ##.####.#
#..##...)......#####.####.#.#
#.>.............@{oo...(....#
###.#..........#####.####.###
..#.#............#.........#
#.#.##.##.#.####.#o#....#..#
(.# #. #.#.# #.#o####.# .## .
#.#.####.#......# .
..........##### .
....o.....'.... #
..........#####


You could see 2 orcs.

Vanquished Creatures
  A dart slug (D:2)
  2 orcs (D:2)
  3 bats (D:1)
  2 endoplasms (D:1)
  A giant cockroach (D:1)
  4 goblins (D:1)
  A hobgoblin (D:1)
  5 kobolds
  4 ball pythons (D:1)
  3 frilled lizards (D:1)
  2 rats
28 creatures vanquished.

Notes
Turn   | Place    | Note
-------+----------+-------------------------------------------
     0 | D:1      | lessens the Demigod Brigand began the quest for the Orb.
     0 | D:1      | Reached XP level 1. HP: 17/17 MP: 3/3
    62 | D:1      | Reached skill level 1 in Long Blades
   465 | D:1      | Found Hutritig's Weapon Emporium.
   474 | D:1      | Reached XP level 2. HP: 24/24 MP: 4/4
   516 | D:1      | Found Gorph's Armour Boutique.
  1421 | D:2      | Reached XP level 3. HP: 17/29 MP: 5/5
  1431 | D:2      | HP: 1/29 [something/magic dart (4)]
  1436 | D:2      | Slain by an orc

Illustrated notes

Levels and vault maps discovered:
D:1:      minmay_arrival_doors, layout_basic, serial_shops, shop_statue,
          nicolae_shop_crystal, hellmonk_ecumenical_altar_inner_sanctum,
          nicolae_concentric_dashed_squares_wild
D:2:      layout_basic

Skill      XL: |  1  2 |
---------------+-------+-----
Long Blades    | 1 2 |  2.5
Fighting       | |  1.7
Short Blades   | |  1.7
Throwing       | |  1.7
Dodging        | |  0.8
Stealth        | |  3.6

Action                   || total
-------------------------++-------
Melee: Dagger            ||   100
Throw: Dart              ||     5
  Use: Potion            ||     4
 Stab: Sleeping          ||     2
Armor: Ring mail         ||    39
       Robe              ||     3
Dodge: Dodged            ||    62

Table legend: (Time is in decaauts)
 A = Elapsed time spent in this place.
 B = Non-inter-level travel time spent in this place.
 C = Inter-level travel time spent in this place.
 D = Time resting spent in this place.
 E = Time spent auto-exploring this place.
 F = Levels seen in this place.
 G = Mean time per level.
                   A        B        C        D        E       F      G
               +--------+--------+--------+--------+--------+-----+--------+
         Total |   1423 |   1403 |     20 |      0 |   1154 |   2 |  711.5 |
       Dungeon |   1423 |   1403 |     20 |      0 |   1154 |   2 |  711.5 |
               +--------+--------+--------+--------+--------+-----+--------+

Top non-repeatable levels by time:
     D:1: 1187 daAuts
     D:2: 236 daAuts
